Map: Ruines d’Endion

Players

zidar - Winner!

  • Race: Zerg Zerg
  • League: Gold
  • Spawn Location: 7:00

LetThemBurn

  • Race: Zerg Zerg
  • League: Gold
  • Spawn Location: 5:00

VOD

Have the link to the VOD?

Description

Time

  • Played on: May 16, 2016, 12:12 p.m.
  • Length: 9:58
Show
View Real Time Build Order
Export as new Build Order

zidar Zerg - Winner!

Build Orders: Pool First 

Get SALT Encoding   

  12  0:02  Drone  
  13  0:12  Overlord  
  13  0:17  Drone  
  14  0:31  Drone x2  
  14  0:34  Drone  
  17  0:47  Spawning Pool  
  17  0:49  Drone  
  17  0:58  Drone  
  18  1:18  Hatchery  
  17  1:19  Drone  
  17  1:24  Extractor  
  17  1:32  Drone  
  18  1:35  Queen  
  20  1:44  Overlord  
  20  1:57  Drone x2  
  22  2:09  Drone  
  22  2:11  Queen  
  25  2:30  Overlord  
  25  2:35  Zergling x6  
  28  2:37  Metabolic Boost  
  28  2:44  Roach Warren  
  27  3:01  Drone x6  
  33  3:25  Lair  
  33  3:28  Extractor  
  33  3:32  Drone x5  
  38  3:48  Zergling x6  
  38  3:49  Zergling x4  
  42  4:13  Roach  
  42  4:16  Overlord x4  
  44  4:30  Spire  
  42  4:34  Zergling x2  
  42  4:35  Zergling x10  
  39  5:06  Queen  
  39  5:10  Zergling x2  
  39  5:11  Zergling x12  
  46  5:30  Extractor  
  46  5:34  Extractor  
  43  5:45  Mutalisk x3  
  43  5:46  Mutalisk  
  43  5:49  Zergling x4  
  37  6:44  Zergling x12  
  43  6:57  Zergling x2  
  43  6:58  Zergling x2  
  45  7:02  Queen  
  41  7:25  Zergling x8  
  45  7:54  Mutalisk x3  
  46  8:26  Zergling x18  
  52  8:38  Zergling x4  
  52  8:40  Queen  
  53  9:15  Mutalisk x4  
  53  9:17  Hatchery  
  59  9:25  Hatchery  
  57  9:38  Zergling x4  
  57  9:39  Zergling x10  
Show
View Real Time Build Order
Export as new Build Order

LetThemBurn Zerg 

Build Orders: Pool First 

Get SALT Encoding   

  12  0:01  Drone  
  13  0:10  Drone  
  14  0:26  Spawning Pool  
  13  0:30  Drone  
  14  0:38  Overlord  
  14  1:04  Hatchery  
  13  1:07  Drone  
  13  1:10  Drone  
  15  1:14  Drone  
  16  1:26  Queen  
  16  1:30  Extractor  
  17  1:36  Extractor  
  17  1:37  Drone  
  17  1:38  Drone  
  18  1:42  Drone  
  19  1:51  Drone  
  20  2:13  Queen  
  22  2:22  Drone x2  
  24  2:25  Metabolic Boost  
  24  2:27  Drone x3  
  27  2:39  Drone  
  27  2:41  Overlord x2  
  28  2:49  Overlord  
  28  2:59  Baneling Nest  
  28  3:00  Drone  
  28  3:08  Drone  
  28  3:09  Drone x2  
  31  3:22  Zergling x8  
  35  3:27  Zergling x2  
  35  3:28  Zergling x2  
  37  3:35  Zergling x2  
  37  3:41  Drone  
  39  3:50  Drone  
  39  3:51  Drone x6  
  46  4:11  Baneling  
  46  4:12  Baneling  
  46  4:13  Baneling  
  46  4:15  Zergling x2  
  46  4:16  Zergling x8  
  46  4:56  Zergling x12  
  51  5:05  Zergling x2  
  51  5:06  Zergling x12  
  52  5:13  Overlord x2  
  52  5:18  Hatchery  
  51  5:23  Zergling x2  
  51  5:27  Baneling x3  
  51  5:28  Baneling x2  
  52  5:33  Zergling x4  
  54  5:40  Queen  
  53  5:47  Zergling x10  
  53  5:48  Zergling x4  
  53  6:25  Zergling x2  
  53  6:26  Zergling x16  
  53  6:28  Lair  
  54  6:39  Spore Crawler  
  53  6:43  Spore Crawler x2  
  51  6:47  Spore Crawler  
  50  7:05  Drone x6  
  55  7:13  Spore Crawler  
  51  7:17  Spore Crawler  
  48  7:36  Hydralisk Den  
  47  7:45  Drone  
  47  7:46  Drone x6  
  47  7:51  Extractor x2, Drone x4  
  57  7:53  Drone  
  57  7:55  Overlord x6  
  57  8:02  Overlord  
  47  8:26  Drone  
  42  8:27  Drone x10  
  42  8:28  Queen  
  54  8:53  Drone  
  54  8:54  Drone x2  
  57  8:56  Drone x3  
  57  8:59  Drone x2  
  57  9:00  Drone  
  61  9:06  Hydralisk x5  
  65  9:18  Hydralisk x5  
  65  9:19  Hydralisk  
Tags
 
Add a new tag
Caveats
  • Supply blocks, unpowered buildings, or Contaminate may cause inaccurate times.
  • Supply counts are checked every 10 seconds.